Map: Lightshade LE

Players

Brenda - Winner!

  • Race: Zerg Zerg
  • League: Master

Augustgrad

  • Race: Terran Terran
  • League: Master

VOD

Have the link to the VOD?

Description

Time

  • Played on: May 12, 2021, 8:59 a.m.
  • Length: 16:14
Show
View Real Time Build Order
Export as new Build Order

Brenda Zerg - Winner!

Build Orders: Hatch First 

Get SALT Encoding   

  12  0:00  Drone  
  13  0:12  Overlord  
  13  0:16  Drone  
  14  0:30  Drone x2  
  16  0:49  Hatchery  
  15  0:52  Drone  
  15  0:55  Drone  
  17  0:59  Drone  
  18  1:08  Extractor  
  17  1:14  Spawning Pool  
  17  1:17  Drone  
  17  1:21  Drone  
  18  1:28  Drone  
  19  1:39  Overlord  
  19  1:49  Drone  
  20  2:01  Queen x2  
  20  2:02  Zergling x4  
  26  2:20  Hatchery  
  25  2:30  Drone x2  
  25  2:31  Drone x2  
  29  2:42  Queen  
  31  2:49  Metabolic Boost  
  31  2:50  Drone  
  32  2:56  Drone  
  32  2:57  Drone x2  
  35  3:01  Overlord  
  35  3:04  Drone  
  36  3:20  Drone  
  36  3:21  Drone x5  
  42  3:29  Overlord  
  42  3:30  Drone  
  43  3:38  Zergling x4  
  45  3:42  Drone x4  
  45  3:45  Overlord  
  49  3:50  Drone  
  49  3:51  Overlord  
  50  3:56  Evolution Chamber  
  50  3:59  Evolution Chamber  
  50  4:00  Spore Crawler  
  47  4:03  Queen  
  47  4:04  Queen  
  47  4:07  Drone  
  52  4:13  Drone x4  
  56  4:18  Queen  
  56  4:22  Extractor  
  57  4:24  Zerg Ground Armor Level 1  
  57  4:26  Drone  
  58  4:32  Drone x4  
  58  4:37  Spore Crawler  
  61  4:40  Zerg Melee Weapons Level 1  
  61  4:41  Spore Crawler  
  61  4:43  Drone x2  
  62  4:49  Zergling x6  
  62  4:51  Drone  
  66  4:53  Overlord  
  66  4:58  Overlord  
  66  5:05  Overlord  
  64  5:09  Overlord  
  64  5:10  Queen  
  64  5:13  Lair  
  66  5:16  Queen  
  66  5:19  Overlord  
  68  5:23  Drone x5  
  68  5:25  Overlord  
  73  5:32  Drone x5  
  73  5:35  Overlord  
  78  5:38  Baneling Nest, Drone  
  78  5:43  Drone  
  78  5:44  Drone x3  
  81  5:53  Queen  
  80  5:58  Queen  
  80  6:02  Zergling x2  
  80  6:03  Zergling x10  
  86  6:10  Zergling x2  
  86  6:11  Zergling x6  
  82  6:20  Burrow  
  82  6:24  Drone x3  
  84  6:29  Drone x5  
  87  6:33  Overseer  
  87  6:37  Zerg Melee Weapons Level 2  
  87  6:38  Drone x3  
  90  6:41  Extractor x2  
  90  6:42  Extractor  
  87  6:50  Drone x3  
  87  6:52  Extractor  
  87  7:09  Hatchery  
  87  7:13  Spire  
  87  7:14  Hatchery  
  84  7:20  Drone x12  
  96  7:31  Zergling x12  
  96  7:36  Baneling  
  96  7:37  Baneling x4  
  102  7:38  Zergling x4  
  102  7:39  Queen x2  
  108  7:44  Centrifical Hooks, Overlord x2  
  108  7:53  Zergling x2  
  108  7:54  Zergling x8  
  108  7:56  Overlord  
  113  8:05  Zerg Ground Armor Level 2  
  105  8:07  Roach Warren  
  105  8:08  Zergling x12  
  109  8:17  Drone  
  109  8:18  Drone x3  
  112  8:24  Drone x8  
  120  8:35  Infestation Pit  
  120  8:40  Drone x2  
  121  8:48  Zergling x22  
  125  8:51  Baneling  
  125  8:52  Baneling x3  
  125  8:54  Baneling x8  
  125  8:55  Baneling x2  
  132  9:00  Overlord  
  132  9:08  Extractor x2  
  132  9:09  Overlord  
  126  9:17  Hive  
  126  9:18  Tunneling Claws  
  126  9:20  Drone x2  
  126  9:21  Drone x5  
  131  9:35  Baneling  
  131  9:36  Baneling x7  
  131  9:37  Zergling x36  
  131  9:38  Zergling x2  
  150  9:47  Zergling x2  
  151  9:54  Extractor  
  151  9:58  Zergling x2  
  151  9:59  Zergling x22  
  157  10:00  Overlord x4  
  156  10:14  Zergling x14  
  142  10:23  Overlord  
  142  10:24  Overlord x3  
  132  10:31  Zergling x14  
  132  10:32  Zergling x16  
  139  10:39  Zerg Ground Armor Level 3, Zerg Melee Weapons Level 3  
  139  10:41  Adrenal Glands  
  139  10:42  Ultralisk Cavern  
  135  10:43  Drone x3  
  135  10:45  Extractor  
  137  10:50  Overlord x2  
  137  10:53  Overseer  
  137  11:00  Drone  
  137  11:03  Drone  
  139  11:05  Overlord  
  139  11:06  Overlord  
  136  11:12  Zergling x14  
  136  11:13  Zergling x14  
  136  11:15  Hatchery  
  138  11:22  Zergling x22  
  141  11:30  Ultralisk x4  
  158  11:43  Chitinous Plating, Zerg Flyer Weapons Level 1  
  158  11:44  Hatchery  
  158  11:45  Ultralisk  
  163  11:54  Baneling x3  
  163  11:55  Baneling x3  
  163  11:58  Overlord  
  163  12:14  Ultralisk x3  
  181  12:16  Baneling x9  
  181  12:17  Baneling  
  181  12:36  Ultralisk x2, Zergling x6  
  181  12:37  Zergling x8  
  194  12:42  Overlord x2  
  194  12:43  Baneling x5  
  180  12:49  Zergling x12  
  179  12:54  Overlord  
  179  12:58  Ultralisk  
  179  12:59  Zergling x4  
  179  13:02  Anabolic Synthesis  
  164  13:13  Zergling x30  
  164  13:16  Baneling  
  164  13:17  Baneling x6  
  169  13:25  Zergling x16  
  165  13:31  Corruptor  
  165  13:32  Corruptor  
  169  13:38  Queen x2  
  173  13:42  Zergling x2  
  173  13:43  Zergling x14  
  173  13:46  Zerg Flyer Weapons Level 2  
  181  13:50  Drone x2  
  181  13:51  Drone x2  
  181  13:52  Baneling x2  
  181  13:53  Baneling x4  
  185  13:56  Drone  
  185  13:57  Drone  
  185  13:59  Drone  
  185  14:00  Drone x3  
  186  14:04  Corruptor x2  
  190  14:20  Zergling x18  
  199  14:29  Zergling x8  
  182  14:39  Zergling x16  
  182  14:40  Zergling x2  
  182  14:41  Zergling x4  
  182  14:45  Zergling x8  
  194  14:48  Zergling x2  
  194  14:51  Ultralisk  
  190  14:59  Ultralisk x3  
  199  15:01  Baneling  
  199  15:02  Baneling x7  
  199  15:06  Baneling  
  196  15:07  Baneling x8  
  196  15:11  Zergling x14  
  196  15:12  Zergling x2  
  200  15:17  Baneling x10  
  186  15:37  Zergling x14  
  186  15:38  Zergling x32  
  184  15:44  Zergling x2  
  185  15:52  Baneling  
  185  15:53  Baneling x15  
  185  15:54  Zergling x8  
  185  15:55  Zergling x10  
Show
View Real Time Build Order
Export as new Build Order

Augustgrad Terran 

Build Orders: Hellion Opening, Reaper Expand 

Get SALT Encoding   

  12  0:00  SCV  
  13  0:12  SCV  
  14  0:17  Supply Depot  
  14  0:24  SCV  
  15  0:38  SCV  
  15  0:40  Barracks  
  16  0:44  Refinery  
  16  0:50  SCV  
  17  1:03  SCV  
  18  1:15  SCV  
  19  1:27  Orbital Command  
  19  1:28  Reaper  
  20  1:40  Command Center  
  20  1:49  Supply Depot  
  20  1:52  SCV  
  21  1:58  Refinery  
  21  2:01  Marine  
  21  2:05  SCV  
  23  2:14  Factory  
  23  2:19  SCV  
  24  2:23  Barracks Reactor  
  24  2:34  SCV  
  25  2:49  SCV  
  25  2:52  Orbital Command  
  25  2:59  Starport  
  25  3:04  SCV  
  26  3:07  Hellion x2  
  26  3:08  Marine  
  31  3:18  SCV x2  
  33  3:28  Hellion x2  
  33  3:32  SCV  
  33  3:33  SCV  
  39  3:34  Supply Depot  
  39  3:37  Viking  
  41  3:43  Fusion Core  
  41  3:45  Barracks Tech Lab, SCV  
  41  3:46  SCV  
  43  3:58  Supply Depot, Hellion x2  
  43  3:59  SCV  
  43  4:00  SCV  
  49  4:15  SCV  
  50  4:24  SCV  
  51  4:26  Hellion x2  
  51  4:30  Battlecruiser  
  61  4:32  Supply Depot  
  61  4:34  SCV  
  61  4:35  Supply Depot  
  61  4:38  Barracks Tech Lab  
  62  4:52  Command Center  
  62  4:53  SCV x2  
  62  4:59  Hellion x2  
  68  5:05  SCV  
  68  5:06  SCV  
  70  5:09  Refinery  
  70  5:11  Refinery  
  70  5:17  SCV  
  70  5:18  SCV  
  70  5:20  Hellion x2  
  76  5:27  Supply Depot x2  
  76  5:29  SCV  
  75  5:36  Engineering Bay x2  
  75  5:37  SCV  
  76  5:49  Battlecruiser  
  82  5:53  SCV x2  
  84  6:02  Marine, Stimpack  
  85  6:04  SCV  
  82  6:18  SCV  
  77  6:19  SCV  
  77  6:21  Marine  
  77  6:23  Orbital Command  
  77  6:25  Barracks  
  75  6:26  Barracks  
  75  6:31  Terran Infantry Armor Level 1, Terran Infantry Weapons Level 1  
  73  6:34  SCV  
  73  6:37  Supply Depot x2, Hellion x2  
  73  6:38  Marine  
  79  6:44  Orbital Command  
  79  6:46  SCV  
  80  6:47  Barracks  
  80  6:49  Barracks  
  80  6:54  SCV  
  81  6:56  Marine  
  82  7:04  Supply Depot  
  82  7:08  SCV x2  
  84  7:12  SCV  
  84  7:14  Marine  
  86  7:16  Barracks Reactor  
  86  7:17  Barracks Reactor  
  86  7:20  SCV x2  
  88  7:25  SCV  
  89  7:32  Marine, SCV x2  
  87  7:37  SCV  
  87  7:40  Barracks Reactor x2  
  87  7:44  SCV x2  
  87  7:48  Armory, Factory  
  87  7:49  SCV  
  87  7:50  Supply Depot, Marine  
  91  7:53  Refinery x2  
  91  7:56  Command Center, Sensor Tower, SCV  
  92  8:03  Marine x3  
  92  8:04  Marine  
  94  8:08  Siege Tank, Marine  
  94  8:09  Medivac x2  
  102  8:20  Barracks  
  102  8:21  Marine x3  
  102  8:22  Barracks  
  102  8:25  Marine x6  
  102  8:26  Supply Depot  
  109  8:35  Factory Tech Lab  
  109  8:39  Marine, Medivac  
  109  8:40  Marine x2, Medivac  
  109  8:41  Combat Shield  
  116  8:42  Marine  
  116  8:43  Marine x3  
  116  8:44  Terran Infantry Armor Level 2, Terran Infantry Weapons Level 2  
  120  8:50  Missile Turret  
  120  8:55  SCV x3  
  123  8:57  Supply Depot  
  123  8:59  Supply Depot x2  
  123  9:02  Marine x4  
  125  9:03  Marine  
  126  9:15  Marine x2, Barracks Reactor x2  
  122  9:17  Marine x2  
  122  9:18  Siege Tank  
  122  9:20  Marine  
  126  9:33  Missile Turret  
  126  9:39  Missile Turret  
  126  9:41  Refinery  
  126  9:43  Sensor Tower  
  126  9:45  Refinery  
  126  9:46  Marine x8  
  134  9:56  Planetary Fortress  
  134  10:07  Marine  
  134  10:08  Marine x9  
  134  10:09  Marine x2  
  143  10:15  Siege Tank x2, Medivac  
  149  10:34  Marine  
  149  10:35  Marine x12  
  154  10:36  Medivac  
  156  10:45  Medivac  
  156  10:47  Siege Tank x2  
  164  10:51  Command Center  
  164  10:52  Marine  
  164  10:53  Marine x3  
  168  11:01  Missile Turret  
  168  11:02  Terran Infantry Armor Level 3, Terran Infantry Weapons Level 3, Bunker  
  168  11:03  Marine  
  164  11:20  Marine x2  
  164  11:21  Marine x7  
  164  11:22  Siege Tank x2, Medivac x2  
  170  11:32  Marine  
  170  11:33  Marine x3  
  165  11:41  Marine  
  165  11:42  Marine x3  
  165  11:45  Factory  
  165  11:46  Armory, Terran Vehicle Weapons Level 1  
  169  11:52  Marine x9  
  178  11:54  Siege Tank x2  
  184  12:03  Marine x4  
  188  12:10  Marine x5  
  193  12:21  Marine  
  194  12:26  Siege Tank  
  200  12:30  Siege Tank  
  200  12:32  Factory Tech Lab  
  188  12:49  Marine x6, Marauder  
  180  13:11  Marauder  
  162  13:12  Marine  
  162  13:13  Marine x5  
  162  13:14  Marine x6  
  162  13:15  Siege Tank x3  
  162  13:16  Medivac x2  
  167  13:30  Marine x3  
  167  13:31  Marine x5  
  167  13:32  Marine x4, Marauder  
  168  13:39  Barracks  
  168  13:41  Barracks  
  168  13:46  Medivac, Viking  
  168  13:47  Siege Tank x3  
  168  13:48  Marine x3  
  181  13:49  Marine x3  
  181  13:54  Marauder  
  189  13:56  Marine x2  
  189  13:57  Marine x3  
  188  14:15  Marauder, Medivac  
  192  14:19  Siege Tank  
  192  14:20  Siege Tank  
  192  14:22  Viking  
  200  14:24  Refinery  
  200  14:28  Refinery  
  200  14:29  Sensor Tower  
  187  14:36  Marauder  
  142  15:03  Marine x3, Marauder, Barracks Tech Lab x2  
  142  15:04  Siege Tank x3  
  142  15:05  Medivac x2  
  142  15:22  Marine  
  142  15:23  Marine x2, Marauder  
  142  15:24  Marine x6, Marauder  
  142  15:25  Marauder  
  142  15:27  SCV  
  142  15:28  SCV x2  
  148  15:40  SCV x3  
  109  15:44  Marauder  
  109  15:46  Marauder x2  
  107  15:50  Marine x5  
  107  15:51  Marine x2  
  107  15:52  SCV x2  
Tags
 
Add a new tag
Caveats
  • Supply blocks, unpowered buildings, or Contaminate may cause inaccurate times.
  • Supply counts are checked every 10 seconds.